Map: 奥德赛 - 天梯版

Players

Aqueous - Winner!

  • Race: Terran Terran
  • League: Diamond
  • Spawn Location: 5:00

lurker

  • Race: Protoss Protoss
  • League: Diamond
  • Spawn Location: 11:00

VOD

Have the link to the VOD?

Description

Time

  • Played on: Dec. 10, 2017, 9:35 a.m.
  • Length: 14:10
Show
View Real Time Build Order
Export as new Build Order

Aqueous Terran - Winner!

Build Orders:  

Get SALT Encoding   

  12  0:01  SCV  
  13  0:13  SCV  
  14  0:17  Supply Depot  
  14  0:25  SCV  
  15  0:28  Refinery  
  15  0:39  SCV  
  16  0:45  Barracks  
  16  0:51  SCV  
  16  0:55  Refinery  
  17  1:03  SCV  
  18  1:15  SCV  
  19  1:34  Ghost Academy  
  19  1:35  Reaper  
  19  1:36  Orbital Command  
  20  1:46  Supply Depot  
  20  2:03  Moebius Reactor  
  20  2:06  SCV  
  20  2:07  Barracks Tech Lab  
  21  2:18  SCV  
  22  2:25  Ghost  
  24  2:30  SCV  
  25  2:42  SCV  
  26  2:53  Ghost  
  26  2:55  SCV  
  29  2:59  Command Center  
  29  3:07  SCV  
  29  3:12  Factory  
  30  3:19  SCV  
  31  3:30  Supply Depot  
  31  3:50  SCV  
  31  4:02  SCV  
  30  4:05  Factory Tech Lab, Armory, Starport  
  30  4:11  Supply Depot  
  30  4:12  Marauder  
  30  4:15  Bunker, Supply Depot  
  30  4:16  Concussive Shells  
  32  4:18  Orbital Command  
  32  4:24  SCV  
  32  4:30  Refinery  
  33  4:31  Refinery  
  33  4:36  Armory  
  33  4:52  Supply Depot  
  33  4:53  SCV  
  32  5:08  SCV  
  33  5:17  Medivac  
  33  5:18  Thor  
  33  5:19  Marine  
  42  5:24  SCV x2  
  44  5:30  Command Center  
  42  5:39  SCV  
  41  5:48  Marine, SCV  
  43  5:54  SCV  
  44  6:00  Starport Tech Lab, SCV  
  44  6:03  Hellion  
  47  6:05  Fusion Core  
  47  6:06  Liberator  
  47  6:07  SCV  
  48  6:12  SCV  
  49  6:19  SCV  
  49  6:24  Terran Vehicle And Ship Armor Level 1  
  53  6:28  SCV  
  53  6:30  Engineering Bay, Supply Depot  
  54  6:33  SCV  
  54  6:37  Siege Tank  
  54  6:38  Ghost  
  60  6:53  SCV  
  61  6:55  SCV  
  62  7:05  SCV  
  62  7:07  Ghost, SCV  
  61  7:12  Battlecruiser  
  66  7:17  SCV  
  66  7:19  SCV  
  66  7:20  Siege Tank  
  66  7:22  Terran Infantry Armor Level 1  
  71  7:28  Weapon Refit  
  71  7:31  SCV  
  71  7:36  Marine  
  71  7:40  SCV  
  71  7:44  SCV  
  74  7:52  Siege Tank  
  74  7:53  Marine  
  74  7:54  SCV  
  74  7:55  Barracks  
  74  7:57  Factory  
  78  8:06  Refinery x2  
  78  8:09  Supply Depot  
  78  8:11  Marine  
  79  8:15  SCV  
  79  8:25  Hellion  
  79  8:41  SCV  
  71  8:45  SCV  
  71  8:52  Barracks Reactor, Factory Reactor  
  71  8:56  SCV  
  72  9:08  Battlecruiser  
  72  9:09  Siege Tank  
  81  9:10  Ghost  
  81  9:13  SCV  
  81  9:15  Nuke  
  80  9:25  SCV  
  74  9:38  Marine  
  74  9:41  Siege Tank  
  74  9:43  SCV x2  
  73  10:02  Ghost, SCV x2  
  73  10:07  Marine x2, Hellion x2  
  82  10:12  Supply Depot  
  82  10:14  SCV x2  
  85  10:19  Siege Tank  
  88  10:25  Marine  
  88  10:27  Supply Depot  
  89  10:30  Ghost  
  89  10:31  SCV x2  
  89  10:36  Supply Depot  
  89  10:39  SCV  
  83  10:43  SCV  
  83  10:45  Hellion x2  
  83  10:47  SCV  
  88  10:50  Marine x2  
  88  10:51  SCV, Hellion  
  89  10:59  Ghost, SCV  
  87  11:06  Hellion  
  87  11:08  SCV  
  90  11:13  SCV  
  91  11:20  Planetary Fortress  
  91  11:21  Missile Turret  
  91  11:26  Missile Turret  
  91  11:28  SCV  
  91  11:29  Marine x3  
  92  11:53  Refinery  
  92  11:57  Siege Tank  
  92  11:58  Marine, Refinery  
  92  11:59  Marine x2  
  98  12:03  Nuke  
  98  12:04  Command Center  
  98  12:06  Supply Depot  
  98  12:14  Supply Depot, SCV  
  96  12:16  Ghost  
  96  12:20  SCV  
  96  12:22  SCV  
  86  12:28  Hellion x2  
  86  12:29  Siege Tank  
  92  12:30  SCV  
  92  12:33  SCV  
  92  12:34  SCV  
  94  12:41  Infernal Pre-Igniter  
  87  12:47  SCV x2  
  89  12:57  SCV  
  88  12:59  SCV  
  88  13:00  SCV  
  87  13:07  Marine x3  
  87  13:09  Hellion x2, SCV  
  87  13:11  SCV  
  87  13:12  SCV  
  102  13:21  SCV  
  102  13:23  Hellion, SCV  
  102  13:25  Marine x2, Ghost, SCV  
  111  13:30  Hellion  
  113  13:35  SCV x2  
  115  13:43  Marine x2  
  125  13:57  SCV  
  125  13:58  SCV  
  128  14:04  Refinery  
Show
View Real Time Build Order
Export as new Build Order

lurker Protoss 

Build Orders: 1 Gate Expand 

Get SALT Encoding   

  12  0:00  Probe  
  13  0:13  Probe  
  14  0:18  Pylon  
  14  0:25  Probe  
  15  0:36  Gateway  
  15  0:40  Probe (Chrono Boost)  
  16  0:48  Assimilator  
  17  0:52  Probe (Chrono Boost)  
  17  0:54  Probe  
  18  1:06  Probe  
  19  1:19  Probe  
  20  1:27  Nexus  
  20  1:47  Cybernetics Core  
  20  1:49  Probe  
  20  1:53  Assimilator  
  21  2:01  Pylon, Probe  
  22  2:13  Probe  
  22  2:23  Stalker (Chrono Boost)  
  22  2:26  Warp Gate  
  24  2:33  Robotics Facility  
  25  2:40  Probe (Chrono Boost)  
  25  2:43  Probe (Chrono Boost)  
  27  2:52  Probe (Chrono Boost)  
  27  2:58  Gateway  
  27  2:59  Probe  
  27  3:03  Gateway  
  28  3:10  Twilight Council  
  28  3:13  Stalker  
  29  3:26  Probe  
  29  3:27  Probe  
  31  3:40  Observer (Chrono Boost)  
  28  3:52  Probe  
  25  4:00  Blink  
  25  4:02  Observer  
  26  4:03  Probe  
  26  4:04  Probe  
  28  4:16  Probe (Chrono Boost)  
  35  4:25  Probe (Chrono Boost)  
  35  4:26  Probe (Chrono Boost)  
  35  4:28  Probe  
  32  4:38  Assimilator  
  33  4:40  Assimilator, Probe (Chrono Boost)  
  33  4:41  Pylon, Probe (Chrono Boost)  
  34  4:51  Probe x2 (Chrono Boost)  
  36  4:55  Gateway  
  36  4:57  Gateway  
  36  4:58  Gateway  
  36  5:06  Probe (Chrono Boost)  
  37  5:10  Observer  
  40  5:16  Probe x2 (Chrono Boost)  
  40  5:25  Probe x2  
  42  5:28  Nexus  
  40  5:55  Stalker x3  
  46  6:03  Probe x2  
  48  6:05  Charge  
  48  6:07  Immortal  
  48  6:08  Observer  
  52  6:15  Probe  
  52  6:16  Pylon  
  53  6:26  Pylon  
  53  6:37  Forge  
  53  6:40  Probe  
  53  6:41  Probe  
  53  6:42  Forge  
  54  6:49  Stalker  
  50  7:12  Stalker x4  
  59  7:16  Immortal  
  59  7:22  Robotics Facility  
  62  7:23  Probe x2  
  64  7:35  Probe (Chrono Boost)  
  67  7:40  Probe (Chrono Boost)  
  67  7:44  Stalker  
  67  7:45  Probe (Chrono Boost)  
  67  7:47  Probe (Chrono Boost)  
  67  7:48  Stalker, Probe (Chrono Boost)  
  70  7:54  Stalker  
  72  8:14  Probe x2  
  72  8:15  Templar Archives  
  72  8:17  Probe  
  75  8:26  Probe x2  
  77  8:30  Probe  
  62  8:54  High Templar x5  
  62  8:55  High Templar  
  74  9:01  Gateway  
  74  9:04  Gateway x2  
  74  9:08  Probe (Chrono Boost)  
  77  9:16  Probe x3 (Chrono Boost)  
  78  9:19  Probe x2  
  78  9:29  Archon  
  78  9:30  Archon x2  
  76  9:33  Stalker x5  
  66  9:57  Stalker x3  
  66  9:58  Stalker x3  
  76  10:16  Stalker x3  
  76  10:41  Stalker  
  72  10:51  Pylon x2  
  72  10:53  Stalker x3  
  72  10:54  Stalker  
  72  11:04  Stalker x2  
  76  11:12  Probe  
  76  11:13  Probe x2  
  76  11:16  Pylon, High Templar x5  
  76  11:17  Pylon, High Templar x2  
  93  11:20  Pylon  
  93  11:23  Pylon  
  93  11:30  Pylon  
  93  11:32  Pylon  
  93  11:33  Warp Prism  
  93  11:34  Pylon, Probe x3  
  93  11:35  Archon x2  
  93  11:36  Archon  
  88  11:46  High Templar x2  
  78  11:50  Observer  
  78  11:52  Protoss Ground Weapons Level 1  
  79  11:55  Archon  
  79  11:57  Zealot x7  
  89  12:21  Zealot x4  
  89  12:22  Zealot x5  
  59  12:45  Stalker x3  
  59  12:46  Stalker x6  
  67  13:12  Stalker x8  
Tags
 
Add a new tag
Caveats
  • Supply blocks, unpowered buildings, or Contaminate may cause inaccurate times.
  • Supply counts are checked every 10 seconds.